Map: Odisseia LE

Players

IagoAbreu - Winner!

  • Race: Zerg Zerg
  • Spawn Location: 5:00

I.A. 1 (Mais difícil)

  • Race: Zerg Zerg
  • Spawn Location: 11:00

VOD

Have the link to the VOD?

Description

Time

  • Played on: Jan. 3, 2018, 3:16 p.m.
  • Length: 7:41
Show
View Real Time Build Order
Export as new Build Order

IagoAbreu Zerg - Winner!

Build Orders: Pool First 

Get SALT Encoding   

  12  0:03  Drone  
  13  0:12  Overlord  
  13  0:17  Drone  
  14  0:34  Spawning Pool  
  13  0:38  Drone  
  14  0:43  Drone  
  14  0:49  Drone  
  16  0:52  Drone  
  17  1:01  Overlord  
  17  1:22  Hatchery  
  16  1:26  Zergling x4  
  18  1:41  Zergling x2  
  18  1:42  Queen  
  21  1:53  Zergling x2  
  22  1:58  Drone  
  23  2:05  Drone  
  24  2:18  Queen  
  26  2:23  Zergling x2  
  26  2:37  Drone  
  27  2:45  Drone x2  
  28  3:02  Drone  
  28  3:03  Zergling x6  
  30  3:07  Zergling x4  
  30  3:08  Zergling x2  
  32  3:43  Zergling x6  
  32  3:44  Zergling x2  
  32  3:46  Overlord  
  32  3:47  Overlord x2  
  30  4:11  Zergling x10  
  30  4:12  Zergling x2  
  36  4:20  Hatchery  
  36  4:22  Queen  
  37  4:29  Zergling x10  
  37  4:30  Zergling x2  
  41  4:47  Zergling x8  
  43  4:59  Zergling x4  
  46  5:00  Zergling x10  
  44  5:27  Zergling x8  
  44  5:28  Zergling x10  
  52  5:41  Zergling x10  
  53  6:07  Zergling x6  
  53  6:08  Zergling x12  
  53  6:09  Zergling x8  
  58  6:41  Overlord x3  
  58  6:42  Overlord x2  
  58  6:43  Zergling x2  
  58  6:44  Zergling x8  
  58  6:45  Zergling x6  
  63  7:21  Zergling x8  
  63  7:22  Zergling x10  
  72  7:23  Zergling x12  
  72  7:24  Zergling x2  
Show
View Real Time Build Order
Export as new Build Order

I.A. 1 (Mais difícil) Zerg 

Build Orders: Hatch First 

Get SALT Encoding   

  12  0:00  Drone  
  13  0:12  Overlord  
  13  0:16  Drone  
  14  0:30  Drone x2  
  14  0:34  Drone  
  17  0:54  Hatchery  
  17  0:56  Drone  
  17  1:12  Spawning Pool  
  17  1:14  Drone  
  17  1:17  Drone  
  18  1:20  Extractor  
  18  1:22  Drone  
  18  1:29  Overlord  
  18  1:38  Drone  
  19  1:59  Zergling x2  
  19  2:00  Zergling x2, Queen  
  23  2:02  Roach Warren  
  23  2:06  Drone  
  23  2:07  Extractor  
  22  2:10  Drone  
  23  2:23  Drone  
  23  2:30  Zergling x2  
  24  2:40  Zergling x2  
  24  2:43  Roach  
  28  2:44  Roach  
  28  2:45  Roach  
  28  2:48  Overlord  
  30  2:56  Lair  
  29  3:14  Extractor  
  29  3:15  Drone  
  29  3:16  Ravager  
  30  3:26  Extractor  
  30  3:27  Drone  
  30  3:30  Drone  
  31  3:34  Drone  
  31  3:37  Drone  
  34  3:41  Drone  
  34  3:45  Drone  
  35  3:48  Drone, Overlord  
  36  3:58  Hydralisk Den  
  36  3:59  Drone  
  33  4:04  Drone  
  33  4:07  Drone  
  33  4:08  Ravager  
  36  4:10  Drone  
  36  4:13  Drone  
  38  4:18  Roach  
  40  4:29  Hydralisk, Overlord  
  36  4:41  Roach  
  38  4:53  Roach  
  38  5:04  Hydralisk  
  31  5:16  Zergling x2  
  31  5:17  Queen  
  31  5:20  Drone  
  34  5:23  Drone  
  34  5:27  Drone, Hydralisk  
  38  5:30  Drone  
  38  5:33  Drone  
  36  5:36  Drone  
  36  5:39  Roach  
  39  5:50  Hydralisk  
  39  5:51  Zergling x2  
  39  5:56  Zergling x2  
  36  5:58  Zergling x2  
  36  6:03  Drone  
  26  6:07  Drone  
  26  6:09  Roach  
  25  6:13  Drone  
  25  6:20  Drone  
  25  6:21  Roach  
  26  6:26  Drone  
  26  6:32  Hydralisk  
  9  7:11  Drone x3  
  3  7:22  Drone  
Tags
 
Add a new tag
Caveats
  • Supply blocks, unpowered buildings, or Contaminate may cause inaccurate times.
  • Supply counts are checked every 10 seconds.